 Dungeon Crawl Stone Soup version 0.29.1-15-g9cfb28693d (webtiles) character file.

Game seed: 1797707857713163810

381 KyoPewz the Magician (level 6, -1/32 HPs)
             Began as a Deep Elf Fire Elementalist on Feb 28, 2023.
             Was an Initiate of Vehumet.
             Succumbed to a kobold brigand's curare-tipped dart
             ... in a sewer.
             The game lasted 00:14:10 (3977 turns).

KyoPewz the Magician (Deep Elf Fire Elementalist)   Turns: 3977, Time: 00:14:11

Health: -1/32      AC:  8    Str:  5    XL:     6   Next: 46%
Magic:  9/17       EV: 13    Int: 22    God:    Vehumet [......]
Gold:   197        SH:  0    Dex: 21    Spells: 4/17 levels left

rFire   + . .      SeeInvis .   D - +2 dagger (venom)
rCold   . . .      Faith    .   (no shield)
rNeg    + . .      Spirit   .   s - +2 robe {rN+}
rPois   .          Reflect  .   (no helmet)
rElec   .          Harm     .   w - +0 cloak
rCorr   .          Rampage  .   p - +0 pair of gloves
Will    .....                   q - +1 pair of boots
Stlth   ++........              (no amulet)
HPRegen 0.10/turn               F - ring of protection from fire
MPRegen 0.15/turn               C - +6 ring of dexterity

@: lethally poisoned (-1 -> -23), slowed, very slow
A: no striking features
a: Renounce Religion


You were in a sewer.
You worshipped Vehumet.
Vehumet was noncommittal.
You visited 2 branches of the dungeon, and saw 6 of its levels.
You also visited: Sewer.

You collected 197 gold pieces.

Inventory:

Hand Weapons
 d - a +2 dagger of holy wrath
 y - a +3 short sword
 D - a +2 dagger of venom (weapon)
Missiles
 e - 6 javelins
Armour
 p - a +0 pair of gloves (worn)
 q - a +1 pair of boots (worn)
 s - a +2 robe of positive energy (worn)
 w - a +0 cloak (worn)
Jewellery
 C - a +6 ring of dexterity (right hand)
 F - a ring of protection from fire (left hand)
Scrolls
 c - 5 scrolls of identify {unknown}
 g - a scroll of noise {unknown}
 h - 3 scrolls of magic mapping {unknown}
 i - a scroll of immolation {unknown}
 k - a scroll of poison {unknown}
 l - 2 scrolls of enchant weapon {unknown}
 m - 2 scrolls of enchant armour {unknown}
 n - a scroll of fear {unknown}
 t - a scroll of acquirement {unknown}
 u - a scroll of blinking {unknown}
 v - a scroll of teleportation {unknown}
 B - a scroll of vulnerability {unknown}
Potions
 a - a potion of lignification {unknown}
 b - a potion of magic
 f - a potion of flight {unknown}
 j - a potion of heal wounds {unknown}
 o - a potion of mutation {unknown}
 r - 2 potions of might {unknown}
 x - a potion of attraction {unknown}
 z - 2 potions of degeneration {unknown}
 A - a potion of ambrosia {unknown}


   Skills:
 - Level 2.4 Dodging
 - Level 2.4 Stealth
 - Level 6.0 Spellcasting
 + Level 3.7 Conjurations
 + Level 5.6 Fire Magic


You had 4 spell levels left.
You knew the following spells:

 Your Spells              Type           Power      Damage    Failure   Level
a - Foxfire               Conj/Fire      100%       2x1d9     1%          1
b - Scorch                Fire           62%        2d8       1%          2
c - Conjure Flame         Conj/Fire      27%        6-21      4%          3
d - Flame Wave            Conj/Fire      27%        2d9       13%         4
e - Inner Flame           Hex/Fire       18%        N/A       9%          3

Your spell library contained the following spells:

 Spells                   Type           Power      Damage    Failure   Level
 Summon Small Mammal      Summ           24%        N/A       9%          1
 Call Canine Familiar     Summ           6%         N/A       26%         3
 Summon Guardian Golem    Hex/Summ       6%         N/A       26%         3
 Summon Forest            Summ/Tloc      3%         N/A       94%         5
 Summon Mana Viper        Hex/Summ       6%         N/A       94%         5
 Summon Cactus Giant      Summ           3%         N/A       100%        6


Dungeon Overview and Level Annotations

Branches:
Dungeon (5/15)             Temple (1/1) D:4           Sewer (1/1)

Altars:
Ashenzari
Cheibriados
Dithmenos
Elyvilon
Gozag
Hepliaklqana
Kikubaaqudgha
Nemelex Xobeh
Okawaru
Qazlal
Ru
Trog
Uskayaw
Vehumet
Wu Jian
Xom

Annotations:
D:3 1 runed translucent door, Crazy Yiuf


Message History

Casting: Foxfire (safe; 1% risk of failure)
Confirm with . or Enter, or press ? or * to list all spells.
You conjure some foxfire!
You feel sick.
The foxfire hits the kobold brigand but does no damage.
The foxfire hits the kobold brigand.
The kobold brigand is lightly wounded.
The foxfire hits the kobold brigand.
The kobold brigand is moderately wounded.
The foxfire hits the kobold brigand.
The kobold brigand is heavily wounded.
You take 1 damage, and have 15/32 hp.
You feel sick.
You take 1 damage, and have 14/32 hp.
You feel sick.
You are no longer poisoned.
Your foxfire dissipates! x2
You take 2 damage, and have 12/32 hp.
Casting: Foxfire (safe; 1% risk of failure)
Confirm with . or Enter, or press ? or * to list all spells.
You conjure some foxfire!
You now have 11/17 mp.
Casting: Foxfire (safe; 1% risk of failure)
Confirm with . or Enter, or press ? or * to list all spells.
You conjure some foxfire!
The foxfire hits the kobold brigand.
The kobold brigand is severely wounded.
The foxfire hits the kobold brigand.
The kobold brigand is severely wounded.
The kobold brigand throws a curare-tipped dart.
The curare-tipped dart hits you.
You are lethally poisoned!
You have difficulty breathing.
* * * LOW HITPOINT WARNING * * *
You feel as though you will be slow longer.
You take 6 damage, and have 6/32 hp.
Casting: Foxfire (safe; 1% risk of failure)
Confirm with . or Enter, or press ? or * to list all spells.
Flames lash the kobold brigand.
The kobold brigand is severely wounded.
The kobold brigand's fire resistance burns away.
You die...

####### ##......
##.~....##
#.~≈~....##
#..~......#
#....K..# ####§####
#.~~~@§.# #.~))§§.#
#.~≈v≈§~# #~~§≈≈v§#
#~§≈≈≈~§# #.~~≈~~.#
#..~≈~..#
############..~≈~.~#
~~~~~~~~~~~~~~~≈~.~#


You could see a kobold brigand (combustible, ally target).

Vanquished Creatures
  A scorpion (D:5)
  A hound (D:4)
  An orc priest (D:4)
  2 jellies (D:4)
  An iguana (D:4)
  Jessica (D:3)
  3 adders
  2 river rats (Sewer)
  A white imp (D:3)
  An ufetubus (D:5)
  A dart slug (D:1)
  5 orcs
  7 ball pythons
  7 bats
  6 endoplasms
  9 giant cockroaches
  5 goblins
  7 hobgoblins
  3 jackals
  12 kobolds
  5 quokkas
  2 frilled lizards
  2 rats
85 creatures vanquished.

Vanquished Creatures (others)
  208 foxfires
208 creatures vanquished.

Grand Total: 293 creatures vanquished

Notes
Turn   | Place    | Note
-------+----------+-------------------------------------------
     0 | D:1      | KyoPewz the Deep Elf Fire Elementalist began the quest for
                  | the Orb.
     0 | D:1      | Reached XP level 1. HP: 10/10 MP: 6/6
   165 | D:1      | Found a faded altar of an unknown god.
   341 | D:1      | Reached XP level 2. HP: 15/15 MP: 4/8
   350 | D:1      | Learned a level 2 spell: Scorch
   830 | D:1      | Reached skill level 4 in Spellcasting
  1035 | D:2      | Reached XP level 3. HP: 15/19 MP: 5/10
  1425 | D:2      | Learned a level 3 spell: Conjure Flame
  1661 | D:3      | Noticed Jessica
  1667 | D:3      | Killed Jessica
  1668 | D:3      | Reached XP level 4. HP: 24/24 MP: 4/12
  1677 | D:3      | Learned a level 4 spell: Flame Wave
  1893 | D:3      | Found an ancient bone altar of Kikubaaqudgha.
  2145 | D:3      | Found a runed translucent door.
  2146 | D:3      | Noticed Crazy Yiuf
  2560 | D:4      | Reached skill level 5 in Spellcasting
  2560 | D:4      | Reached XP level 5. HP: 26/28 MP: 7/14
  2639 | D:4      | Learned a level 3 spell: Inner Flame
  2720 | D:4      | Reached skill level 5 in Fire Magic
  2737 | D:4      | Found a staircase to the Ecumenical Temple.
  2756 | Temple   | Entered the Ecumenical Temple
  2843 | Temple   | Became a worshipper of Vehumet
  3223 | D:4      | Reached XP level 6. HP: 32/32 MP: 10/16
  3501 | D:4      | Found a sparkling altar of Nemelex Xobeh.
  3577 | D:5      | Entered Level 5 of the Dungeon
  3691 | D:5      | Found a glowing drain.
  3694 | D:5      | Reached skill level 6 in Spellcasting
  3776 | Sewer    | Entered a sewer
  3977 | Sewer    | Succumbed to a kobold brigand's curare-tipped dart

Illustrated notes

Levels and vault maps discovered:
D:1:      lightli_arrival_maybe_door_vault, layout_basic,
          dreamdust_ecumenical_altar_angels_and_demons
D:2:      minmay_wonky_spiral, layout_rooms
D:3:      layout_rooms, mainiacjoe_overflow_surrounded_room, uniq_jessica,
          uniq_crazy_yiuf_cottage
D:4:      kennysheep_spiral_hall, layout_basic, mainiacjoe_overflow_alcove_4,
          minmay_temple_entry_proselytizer
D:5:      layout_basic, lemuel_round_altar, mainiacjoe_overflow_six_doors_small,
          portal_sewer_entry_f, nrook_mini_vaults
Temple:   minmay_temple_curvy_branch
Sewer:    sewer_kobolds

Skill      XL: |  1  2  3  4  5  6 |
---------------+-------------------+-----
Spellcasting   | 4 5 6 |  6.0
Fire Magic     | 4 5 |  5.6
Conjurations   | 2 3 |  3.7
Dodging        | |  2.4
Stealth        | |  2.4

Action                   |  1- 3 |  4- 6 || total
-------------------------+-------+-------++-------
Melee: Dagger            |    15 |    11 ||    26
 Cast: Foxfire           |    45 |    77 ||   122
       Scorch            |       |     8 ||     8
       Conjure Flame     |       |     3 ||     3
 Stab: Sleeping          |     3 |     1 ||     4
Armor: Robe              |     3 |     6 ||     9
Dodge: Dodged            |    14 |     6 ||    20
